 Dungeon Crawl Stone Soup version 0.23-a0-650-ga4d50d4d25 (webtiles) character file.

2009726 iamserjio the Slayer (level 27, 227/227 HPs)
             Began as an Octopode Wanderer on Jan 3, 2019.
             Was a Follower of Uskayaw.
             Escaped with the Orb
             ... and 4 runes!
             The game lasted 03:53:00 (94877 turns).

iamserjio the Slayer (Octopode Wanderer)           Turns: 94877, Time: 03:53:00

Health: 227/227    AC:  5    Str: 26    XL:     27
Magic:  55/55      EV: 35    Int: 18    God:    Uskayaw [*.....]
Gold:   1621       SH: 20    Dex: 19    Spells: 4/44 levels left

rFire    + + .     SeeInvis .   N - +9 quick blade (pierce)
rCold    + + .     Gourm    .   d - +5 shield {reflect}
rNeg     . . .     Faith    +   t - +2 hat
rPois    +         Spirit   .   m - amulet of faith
rElec    .         Reflect  +   o - +5 ring of strength
rCorr    +         Harm     .   c - ring of Shadows {Umbra +Inv Stlth+}
MR       ++++.                  H - +4 ring of evasion
Stlth    +++++.....             C - ring "Jofrol" {rC+ MP+9}
HPRegen  0.47/turn              p - ring "Umoyrcho" {rCorr Str+6}
MPRegen  0.34/turn              i - ring of protection from fire
                                w - ring of the Bruised Dreams {rPois MR++ MP+9}
                                W - ring "Udihafuos" {rCorr rPois rF+ Int+4}

@: hasted, wreathed by umbra, very quick
A: almost no armour, stealthy swim, amphibious, 8 rings, constrict 8, tentacle
spike 1, repulsion field 1, molten scales 1, camouflage 1, cold resistance 1,
dopey 1, poison resistance, robust 1, gelatinous body 1, evolution 1, no potion
heal 1, subdued magic 1
0: Orb of Zot
}: 4/15 runes: barnacled, slimy, silver, gossamer
a: Stomp, Renounce Religion, Evoke Invisibility


You escaped.
You worshipped Uskayaw.
Uskayaw was greatly pleased with you.
You were not hungry.

You visited 11 branches of the dungeon, and saw 55 of its levels.
You also visited: Ossuary, Ice Cave and Wizlab.

You collected 7460 gold pieces.
You spent 5839 gold pieces at shops.

Inventory:

Hand Weapons
 e - the +8 falchion of Spores {elec, rElec MR+ Int+3 Dex-2}
   (You bought it in a shop on level 2 of the Orcish Mines)

   Occasionally, upon striking a foe, it will discharge some electrical energy
   and cause terrible harm.
   It affects your intelligence (+3).
   It affects your dexterity (-2).
   It insulates you from electricity.
   It affects your resistance to hostile enchantments.
 x - the +2 quick blade of Strategic Superiority {holy, rC+ Str+5}
   (You found it in a wizard's laboratory)

   It has been blessed by the Shining One to cause great damage to the undead
   and demons.
   It affects your strength (+5).
   It protects you from cold.
 N - a +9 quick blade of piercing (weapon)
Missiles
 Y - 24 throwing nets (quivered) {!f}
Armour
 d - a +5 shield of reflection (worn)
 t - a +2 hat (worn)
Jewellery
 c - the ring of Shadows (right tentacle) {Umbra +Inv Stlth+}
   (You found it on level 4 of the Vaults)

   [ring of stealth]

   It lets you turn invisible.
   It makes you more stealthy.
 i - a ring of protection from fire (on tentacle)
 m - an amulet of faith (around mantle)
 o - a +5 ring of strength (left tentacle)
 p - the ring "Umoyrcho" (on tentacle) {rCorr Str+6}
   (You bought it in a shop on level 1 of the Elven Halls)

   [ring of resist corrosion]

   It affects your strength (+6).
 w - the ring of the Bruised Dreams (on tentacle) {rPois MR++ MP+9}
   (You found it on level 12 of the Dungeon)

   [ring of magical power]

   It protects you from poison.
   It affects your resistance to hostile enchantments.
   It affects your magic capacity (+9).
 C - the ring "Jofrol" (on tentacle) {rC+ MP+9}
   (You acquired it on level 2 of the Realm of Zot)

   [ring of magical power]

   It protects you from cold.
   It affects your magic capacity (+9).
 H - a +4 ring of evasion (on tentacle)
 I - an uncursed ring of wizardry
 K - a +3 ring of evasion
 W - the ring "Udihafuos" (on tentacle) {rCorr rPois rF+ Int+4}
   (You acquired it on level 5 of the Pits of Slime)

   [ring of resist corrosion]

   It affects your intelligence (+4).
   It protects you from fire.
   It protects you from poison.
 Z - an uncursed ring of see invisible
Wands
 b - a wand of clouds (22)
 g - a wand of paralysis (10)
 l - a wand of enslavement (4)
 v - a wand of polymorph (31)
 L - a wand of digging (9)
 O - a wand of acid (18)
 U - a wand of iceblast (21)
 V - a wand of scattershot (11)
Scrolls
 h - 16 scrolls of teleportation
 y - 6 scrolls of fog
 B - 5 scrolls of blinking
 M - 7 scrolls of fear
 R - a scroll of holy word
 S - 12 scrolls of identify {@r1}
 X - 4 scrolls of summoning
Potions
 a - a potion of flight
 n - 5 potions of ambrosia
 q - 6 potions of magic
 r - 7 potions of resistance
 s - 4 potions of invisibility
 u - 7 potions of mutation
 D - 6 potions of haste
 E - 6 potions of heal wounds
 F - 19 potions of curing {@q1}
 J - 7 potions of agility
 P - 5 potions of might
 Q - 4 potions of cancellation
 T - 3 potions of brilliance
Miscellaneous
 j - a phial of floods
 k - a fan of gales
 z - 3 boxes of beasts
 A - a lamp of fire
 G - 4 sacks of spiders
Comestibles
 f - 58 rations


   Skills:
 - Level 22.0 Fighting
 + Level 17.2 Short Blades
 - Level 1.7(11.7) Long Blades
   Level 2.0 Crossbows
 - Level 1.0 Throwing
 - Level 18.0 Dodging
 + Level 19.7 Stealth
 - Level 15.0 Shields
 - Level 9.0 Spellcasting
   Level 1.0 Conjurations
 - Level 12.4 Hexes
 - Level 3.0 Charms
 - Level 12.0 Summonings
 - Level 6.0 Necromancy
 - Level 3.0 Translocations
 - Level 4.0 Transmutations
 - Level 3.0 Air Magic
 - Level 4.1 Earth Magic
   Level 2.4 Poison Magic
 + Level 20.2 Invocations
 * Level 21.5 Evocations


You had 4 spell levels left.
You knew the following spells:

 Your Spells              Type           Power        Failure   Level  Hunger
a - Passwall              Tmut/Erth      ###.....     1%          2    None
b - Blink                 Tloc           N/A          2%          2    None
c - Regeneration          Chrm/Necr      ###.......   3%          3    None
d - Animate Dead          Necr           N/A          6%          4    ###....
e - Invisibility          Hex            #####...     7%          6    ######.
f - Darkness              Hex            #####.....   7%          6    ######.
g - Passage of Golubria   Tloc           N/A          22%         4    ###....
h - Summon Butterflies    Summ           #####...     1%          1    None
i - Summon Mana Viper     Hex/Summ       #####...     1%          5    #####..
j - Silence               Hex/Air        ####......   9%          5    #####..
k - Swiftness             Chrm/Air       ##......     2%          2    None

Your spell library contained the following spells:

 Spells                   Type           Power        Failure   Level  Hunger
 Confusing Touch          Hex            #####.       1%          1    None
 Corona                   Hex            #####..      1%          1    None
 Infusion                 Chrm           ##..         1%          1    None
 Summon Small Mammal      Summ           ####         1%          1    None
 Call Imp                 Summ           #####...     1%          2    None
 Ensorcelled Hibernation  Hex/Ice        ###...       1%          2    None
 Slow                     Hex            #####...     1%          2    None
 Call Canine Familiar     Summ           #####...     1%          3    None
 Confuse                  Hex            #####...     1%          3    None
 Dazzling Spray           Conj/Hex       ###...       1%          3    None
 Portal Projectile        Hex/Tloc       ####..       1%          3    None
 Recall                   Summ/Tloc      N/A          1%          3    None
 Spectral Weapon          Hex/Chrm       ####....     1%          3    None
 Tukima's Dance           Hex            #####...     1%          3    None
 Cause Fear               Hex            #####.....   1%          4    ###....
 Shock                    Conj/Air       ##..         2%          1    None
 Shroud of Golubria       Chrm/Tloc      ##........   2%          2    None
 Song of Slaying          Chrm           ##......     2%          2    None
 Sting                    Conj/Pois      ##..         3%          1    None
 Poisonous Vapours        Pois/Air       ##....       3%          2    None
 Summon Lightning Spire   Summ/Air       ####....     3%          4    ###....
 Magic Dart               Conj           #...         4%          1    None
 Fulminant Prism          Conj/Hex       ###.......   4%          4    ###....
 Gell's Gravitas          Tloc           ##........   6%          3    None
 Lesser Beckoning         Tloc           ##........   6%          3    None
 Teleport Other           Tloc           ##......     6%          3    None
 Summon Ice Beast         Ice/Summ       ###.....     6%          4    ###....
 Searing Ray              Conj           #.....       7%          2    None
 Stone Arrow              Conj/Erth      ##....       8%          3    None
 Throw Flame              Conj/Fire      #.....       9%          2    None
 Ignite Poison            Fire/Tmut/Pois ##......     9%          3    None
 Mephitic Cloud           Conj/Pois/Air  ##......     9%          3    None
 Static Discharge         Conj/Air       ##......     10%         3    None
 Petrify                  Tmut/Erth      ###.....     14%         4    ###....
 Conjure Flame            Conj/Fire      #.......     19%         3    None
 Olgreb's Toxic Radiance  Pois           ##......     28%         4    ###....
 Force Lance              Conj/Tloc      ##......     32%         4    ###....
 Ice Form                 Ice/Tmut       ##......     32%         4    ###....
 Iskenderun's Mystic Bla  Conj           #.......     45%         4    ###....
 Throw Icicle             Conj/Ice       #.......     52%         4    ###....
 Yara's Violent Unravell  Hex/Tmut       ####......   7%          5    #####..
 Metabolic Englaciation   Hex/Ice        ###.......   16%         5    #####..
 Borgnjor's Vile Clutch   Necr/Erth      ###.......   26%         5    #####..
 Lee's Rapid Deconstruct  Erth           ###.......   36%         5    #####..
 Summon Hydra             Summ           #####.....   43%         7    #######
 Irradiate                Conj/Tmut      ##........   61%         5    #####..
 Iskenderun's Battlesphe  Conj/Chrm      ##......     67%         5    #####..
 Lightning Bolt           Conj/Air       ##........   67%         5    #####..
 Death Channel            Necr           ###.......   71%         6    ######.
 Bolt of Magma            Conj/Fire/Erth ##........   73%         5    #####..
 Venom Bolt               Conj/Pois      ##........   73%         5    #####..
 Haunt                    Necr/Summ      ####......   86%         7    #######
 Fireball                 Conj/Fire      #.........   87%         5    #####..
 Hydra Form               Tmut           ###.......   93%         6    ######.
 Statue Form              Tmut/Erth      ###......    93%         6    ######.
 Deflect Missiles         Chrm/Air       ##........   98%         6    ######.
 Dispersal                Tloc           ##........   98%         6    ######.
 Simulacrum               Ice/Necr       ##........   98%         6    ######.
 Discord                  Hex            #####.....   98%         8    #######
 Conjure Ball Lightning   Conj/Air       ##........   99%         6    ######.
 Iron Shot                Conj/Erth      ##........   99%         6    ######.
 Bolt of Cold             Conj/Ice       #.........   100%        6    ######.
 Bolt of Fire             Conj/Fire      #.........   100%        6    ######.
 Freezing Cloud           Conj/Ice/Air   #.........   100%        6    ######.
 Ozocubu's Refrigeration  Ice            #.........   100%        6    ######.
 Dragon Form              Tmut           ###.......   100%        7    #######
 Ring of Flames           Chrm/Fire      ##........   100%        7    #######
 Borgnjor's Revivificati  Necr           ###.......   100%        8    #######
 Controlled Blink         Tloc           N/A          100%        8    #######
 Death's Door             Chrm/Necr      ###.......   100%        8    #######
 Disjunction              Tloc           ##........   100%        8    #######
 Ignition                 Fire           #.........   100%        8    #######
 Infestation              Necr           ###.......   100%        8    #######
 Necromutation            Tmut/Necr      ###.......   100%        8    #######
 Dragon's Call            Summ           #####.....   100%        9    #######
 Shatter                  Erth           ###.......   100%        9    #######
 Tornado                  Air            ##........   100%        9    #######


Dungeon Overview and Level Annotations

Branches:
Dungeon (15/15)            Temple (1/1) D:4            Lair (6/6) D:11
 Shoals (4/4) Lair:3       Spider (4/4) Lair:3        Slime (5/5) Lair:5
    Orc (2/2) D:9             Elf (3/3) Orc:2        Vaults (5/5) D:13
  Crypt (0/3) Vaults:2     Depths (5/5) D:15            Zot (5/5) Depths:5

Altars:
Ashenzari
Cheibriados
Dithmenos
Elyvilon
Fedhas
Gozag
Hepliaklqana
Kikubaaqudgha
Makhleb
Nemelex Xobeh
Okawaru
Qazlal
Ru
Sif Muna
Trog
Uskayaw
Vehumet
Wu Jian
Xom
Yredelemnul
Zin
The Shining One
Jiyva
Lugonu

Shops:
Orc:2 }*(?   Elf:1 =*   Shoals:1 ?   Vaults:2 %   Vaults:3 *   Vaults:5 %!
Depths:1 ?%:

Portals:
Hell: Depths:1 Depths:2 Depths:3 Depths:4 Depths:5
Abyss: Depths:1 Depths:3 Depths:4
Pandemonium: Depths:3
Ziggurat: Depths:5

Annotations:
D:12 1 exclusion
Vaults:2 Vigato's ghost, adept MiFi
Depths:5 exclusions: 2 daevas and 2 more exclusions
Zot:3 1 exclusion


Innate Abilities, Weirdness & Mutations

You cannot wear most types of armour.
You are very stealthy in the water. (Stealth+)
You are amphibious.
You can wear up to eight rings at the same time.
You can use your tentacles to constrict eight enemies at once.
Your skin changes colour to match your surroundings (Stealth+).
Your rubbery body absorbs attacks. (AC +1, EV +1)
One of your tentacles bears a spike.
You are surrounded by a mild repulsion field. (EV +2)
You are partially covered in molten scales. (AC +2)
Your flesh is cold resistant. (rC+)
You are dopey. (Int -2)
Your system is resistant to poisons. (rPois)
You are robust. (+10% HP)
You evolve.
Potions are less effective at restoring your health.
Your spells are a little easier to cast, but a little less powerful.


Message History

There is an open door here.
There is an open door here.
There is a stone staircase leading up here.
You climb upwards.
There is a stone staircase leading down here.
(D) Dungeon (T) Temple (L) Lair (A) Shoals (N) Spider Nest (M) Slime Pits (O) Orcish Mines (E) Elven Halls (V) Vaults (C) Crypt (U) Depths (H) Hell (Z) Zot
Where to? (Enter - D:1, ? - help)
There is a stone staircase leading up here.
You climb upwards.
There is a stone staircase leading down here.
Ryocen comes into view.
Ryocen moves out of view.
Quiver which item? (- for none, * to show all) (? for menu, Esc to quit)
Okay, then.
You feel yourself speed up.
There is a staircase leading out of the dungeon here.
You have escaped!

.##
##.....######..#...........
##
##....##...#.>#...........
# ##....#......#...........
##...###.####...........
##...##.# #...........
##..##.####...........
##..#.÷.÷..########.#
##.######## ####.# ##@#
#..÷.# ### #.#### #.####
#..... ######


There were no monsters in sight!

Vanquished Creatures
  A pandemonium lord (D:10)
  2 ancient liches
  9 orbs of fire
  Boris (Depths:3)
  3 Killer Klowns (Zot:5)
  3 caustic shrikes (Depths:5)
  Xtahua (Vaults:4)
  2 curse toes
  12 golden dragons
  Arachne (Spider:4)
  2 Brimstone Fiends
  4 electric golems
  A hellephant (D:12)
  The ghost of SnubMonkey the Spear-Bearer, an adept GnBe of Trog (Vaults:3)
  A Cloud Mage (WizLab)
  14 tentacled monstrosities
  2 Ice Fiends
  21 Orb Guardians (Zot:5)
  Asterion (Depths:3)
  5 liches
  A deep elf blademaster (Elf:3)
  4 quicksilver dragons
  4 titans
  9 acid blobs
  3 deep elf master archers (Elf:3)
  6 death cobs
  2 sphinxes
  5 shadow dragons
  Agnes (D:14)
  3 draconian monks
  Gastronok (Lair:3)
  5 azure jellies
  23 storm dragons
  11 tengu reavers
  7 deep elf sorcerers
  4 draconian knights
  8 frost giants
  4 ghost moths
  10 fire giants
  3 emperor scorpions (Spider:4)
  2 orc warlords (Orc:2)
  16 vault wardens
  4 draconian scorchers
  2 balrugs
  2 draconian annihilators
  2 draconian stormcallers (Zot:4)
  A ghoul (Vaults:2)
  10 deep elf elementalists
  18 ironheart preservers
  2 spriggan defenders (Depths:4)
  7 draconian shifters
  28 very ugly things
  4 war gargoyles (Vaults:5)
  15 stone giants
  4 entropy weavers
  12 deep elf demonologists
  4 vampire knights
  6 green draconians
  18 black draconians
  Azrael (D:13)
  7 purple draconians
  27 spark wasps
  A spark wasp (shapeshifter) (Vaults:5)
  A dire elephant (D:15)
  18 deep elf annihilators
  2 pale draconians (Depths:5)
  A minotaur (shapeshifter) (Depths:2)
  8 white draconians
  14 yellow draconians
  8 red draconians
  The ghost of Zigma the Grappler, a journeyman DrMo of Makhleb (D:12)
  12 ettins
  A merfolk javelineer (Shoals:4)
  Snorg (Lair:3)
  10 blizzard demons
  A crystal guardian (Vaults:4)
  9 death oozes
  10 deep elf death magi
  10 fire dragons
  2 jiangshi (Depths:1)
  10 merfolk impalers
  20 yaktaur captains
  6 great orbs of eyes
  Erolcha (D:9)
  A fire dragon (shapeshifter) (Vaults:5)
  4 deep elf high priests
  7 ice dragons
  33 vault guards
  Harold (D:7)
  5 hydras
  7 rakshasas
  3 ghost crabs (WizLab)
  A merfolk avatar (Shoals:4)
  2 catoblepae
  2 alligator snapping turtles (Shoals:4)
  4 spriggan air magi
  7 merfolk aquamancers
  The ghost of temitten the Spear-Bearer, a novice NaFi of Cheibriados (D:10)
  14 centaur warriors
  51 two-headed ogres
  28 dancing weapons
  A death knight (D:12)
  14 ogre magi
  5 hell hogs
  An alligator snapping turtle (shapeshifter) (D:13)
  9 tengu warriors
  8 deep troll earth magi
  12 deep troll shamans
  A vampire mage (Depths:1)
  5 spriggan berserkers
  17 death yaks
  21 deep elf knights
  3 shock serpents (WizLab)
  A sun demon (D:10)
  4 hell knights (Depths:2)
  9 skeletal warriors
  3 iron trolls
  A shadow wraith (Vaults:4)
  A sixfirhy (Depths:3)
  A torturous demonspawn (Depths:3)
  30 deep trolls
  8 unseen horrors
  3 large abominations (Depths:4)
  2 flayed ghosts
  A death drake (D:13)
  2 shadow demons
  A kraken simulacrum (Shoals:4)
  5 wizards
  11 sea snakes
  16 deep elf archers
  A glowing orange brain (shapeshifter) (Depths:4)
  21 orc knights
  A lindwurm (Lair:6)
  2 swamp dragons (shapeshifter)
  A glowing orange brain (Vaults:5)
  A lindwurm (shapeshifter) (Elf:1)
  4 phantasmal warriors
  2 orb spiders (shapeshifter)
  18 ironbrand convokers
  27 ugly things
  4 orc sorcerers
  9 fauns (Shoals:2)
  61 deep elf magi
  13 harpies
  3 necromancers
  16 orb spiders
  39 wolf spiders
  2 shining eyes
  6 cyclopes
  11 manticores
  A frost giant zombie (Vaults:2)
  A moth of wrath (shapeshifter) (Elf:2)
  4 merfolk sirens
  A salamander (Depths:3)
  2 centaur zombies
  A guardian serpent (shapeshifter) (Vaults:4)
  A black mamba (shapeshifter) (Vaults:3)
  19 elephants
  A frost giant skeleton (Vaults:2)
  A torpor snail (shapeshifter) (Vaults:4)
  A water nymph (shapeshifter) (Depths:2)
  Maurice (Orc:1)
  17 moths of wrath
  16 vault sentinels
  6 black mambas
  Psyche (D:8)
  4 eyes of devastation
  An orange demon (Depths:3)
  A gargoyle (D:10)
  7 water nymphs
  A komodo dragon (shapeshifter) (Elf:3)
  8 spiny frogs
  2 hellions (Depths:5)
  5 torpor snails
  2 rime drakes (Lair:6)
  16 demonic crawlers
  13 freezing wraiths
  8 komodo dragons
  67 yaktaurs
  3 anaconda simulacra (IceCv)
  2 golden dragon simulacra (IceCv)
  6 ice devils
  An efreet (D:15)
  4 hellwings (Depths:2)
  A red devil (Depths:2)
  18 trolls
  9 tengu conjurers
  31 merfolk
  A polar bear (Lair:6)
  A tyrant leech (shapeshifter) (Vaults:5)
  4 wind drakes
  21 jumping spiders
  A hornet (shapeshifter) (Depths:2)
  14 hornets
  A hippogriff (shapeshifter) (Vaults:5)
  11 snapping turtles
  13 blink frogs
  81 slime creatures
  2 blink frogs (shapeshifter)
  11 hippogriffs
  A fire giant simulacrum (Vaults:3)
  15 air elementals
  A raiju (shapeshifter) (Vaults:1)
  3 shadows
  72 redbacks
  2 wraiths
  A human (shapeshifter) (Vaults:2)
  A yak (shapeshifter) (Vaults:3)
  2 spriggans
  23 tarantellas
  28 water elementals
  5 wyverns
  6 centaur simulacra
  A dire elephant simulacrum (IceCv)
  44 yaks
  10 fire elementals
  8 basilisks
  Grum (D:8)
  3 hungry ghosts
  A vampire (D:15)
  A ynoxinul (Depths:3)
  2 fire bats (Depths:2)
  5 golden eyes
  A neqoxec (D:10)
  16 humans
  A death yak simulacrum (IceCv)
  A basilisk (shapeshifter) (Vaults:3)
  3 chaos spawn
  3 steam dragons (Depths:5)
  5 vampire mosquitoes
  A yaktaur simulacrum (Vaults:3)
  11 wargs
  4 iron troll simulacra (IceCv)
  2 harpy simulacra (IceCv)
  A soldier ant (shapeshifter) (Depths:4)
  7 water moccasins
  10 acid dragons
  Duvessa (D:7)
  A floating eye (Depths:4)
  5 porcupines
  14 hell hounds
  A swamp drake (D:9)
  A black bear (shapeshifter) (D:13)
  An eye of draining (shapeshifter) (Depths:3)
  49 orc warriors
  6 ice beasts
  5 black bears
  7 eyes of draining
  3 ettin simulacra (IceCv)
  5 sky beasts
  38 centaurs
  A phantom (D:11)
  58 ogres
  12 wolves
  12 crocodiles
  4 small abominations (Depths:4)
  2 human zombies (Vaults:2)
  2 big kobolds
  16 bullfrogs
  An elf zombie (Ossuary)
  Dowan (D:7)
  3 earth elementals
  A wyvern zombie (D:10)
  23 killer bees
  3 scorpions
  An elephant simulacrum (IceCv)
  4 wights (D:10)
  A howler monkey (D:5)
  2 spectral bullfrogs (D:10)
  17 crimson imps
  A bullfrog zombie (D:12)
  A draconian simulacrum (IceCv)
  4 quasits
  5 jellies
  23 orc priests
  7 hounds
  28 orc wizards
  7 centaur skeletons
  3 iron imps (D:4)
  5 iguanas
  2 troll simulacra (IceCv)
  4 worker ants
  6 hell rats
  A polar bear simulacrum (IceCv)
  A wolf simulacrum (IceCv)
  2 big kobold zombies (Ossuary)
  A killer bee zombie (D:8)
  6 hound zombies
  4 mummies (Ossuary)
  2 worker ant zombies
  A gnoll (shapeshifter) (Elf:2)
  4 gnolls (D:8)
  A howler monkey skeleton (D:5)
  13 adders
  A naga simulacrum (IceCv)
  18 river rats
  4 shadow imps
  13 white imps
  8 ufetubi
  An ooze (D:2)
  3 adder zombies
  An adder skeleton (D:7)
  3 worms
  A dart slug (D:1)
  3 leopard geckos
  112 orcs
  11 bats
  4 giant cockroaches
  A gnoll zombie (Ossuary)
  7 goblins
  7 hobgoblins
  15 jackals
  4 quokkas
  3 ball pythons
  5 frilled lizards
  A goblin zombie (Ossuary)
  18 kobolds
  3 kobold zombies (Ossuary)
  A leopard gecko skeleton (D:4)
  A quokka skeleton (D:9)
  A quokka zombie (D:8)
  19 rats
  2 crawling corpses (Elf:3)
2600 creatures vanquished.

Vanquished Creatures (collateral kills)
  the Royal Jelly (Slime:5)
  4 Orb Guardians (Zot:5)
  2 tentacled monstrosities
  4 acid blobs
  A death cob (Zot:5)
  An azure jelly (Depths:1)
  2 frost giants
  A deep elf sorcerer (Depths:2)
  2 vault wardens (Vaults:5)
  A balrug (Depths:4)
  A very ugly thing (Depths:4)
  A stone giant (Vaults:3)
  A vampire knight (Depths:3)
  An ettin (Vaults:5)
  2 death oozes (Slime:5)
  2 vault guards
  2 great orbs of eyes
  2 ogre magi
  An ice dragon (Vaults:5)
  A rakshasa (Depths:3)
  A two-headed ogre (Vaults:5)
  A hell knight (Depths:2)
  7 slime creatures
  A deep troll (Depths:2)
  An orc knight (Vaults:5)
  A necromancer (Depths:2)
  3 shining eyes (Slime:5)
  A wolf spider (Vaults:5)
  A vault sentinel (Vaults:5)
  A yaktaur (Vaults:3)
  A hornet (Vaults:5)
  2 water elementals (Depths:5)
  4 golden eyes (Slime:3)
  A crimson imp (Depths:2)
  An orc priest (Vaults:3)
  An orc wizard (Vaults:5)
  4 orcs
65 creatures vanquished.

Vanquished Creatures (others)
  A death cob (Zot:5)
  An eldritch tentacle (Depths:2)
  A vault warden (Vaults:3)
  A spark wasp (WizLab)
  A yaktaur captain (Vaults:3)
  A vault guard (Vaults:4)
  A centaur warrior (Depths:1)
  2 deep elf magi
  12 yaktaurs
  An air elemental (WizLab)
  An orc warrior (D:9)
  6 centaurs
  2 crimson imps (Depths:5)
  A quasit (Depths:3)
  An orc wizard (Orc:2)
  A white imp (Depths:5)
  4 ufetubi (IceCv)
  An orc (Vaults:5)
  4 fungi
  56 plants
  7 tentacles
106 creatures vanquished.

Grand Total: 2771 creatures vanquished

Notes
Turn   | Place    | Note
-------+----------+-------------------------------------------
     0 | D:1      | iamserjio the Octopode Wanderer began the quest for the
                  | Orb.
     0 | D:1      | iamserjio set off with the following items: a +0 hand
                  | crossbow, 27 bolts, a +0 buckler, a ration; and the
                  | following spell memorised: Magic Dart; and the following
                  | spells available to memorise: Blink, Call Imp, Slow,
                  | Mephitic Cloud, Conjure Flame
     0 | D:1      | Reached XP level 1. HP: 13/13 MP: 4/4
   232 | D:1      | Reached XP level 2. HP: 18/18 MP: 6/6
   522 | D:1      | Reached skill level 1 in Dodging
   664 | D:1      | Reached XP level 3. HP: 23/23 MP: 7/7
   821 | D:1      | Learned a level 2 spell: Blink
   824 | D:1      | Learned a level 2 spell: Call Imp
   828 | D:1      | Learned a level 3 spell: Mephitic Cloud
  1020 | D:2      | Reached XP level 4. HP: 29/29 MP: 8/8
  1223 | D:2      | Reached skill level 2 in Fighting
  1695 | D:3      | Found a glowing silver altar of Zin.
  2315 | D:3      | Found a deep blue altar of Sif Muna.
  2420 | D:3      | Reached skill level 1 in Short Blades
  2420 | D:3      | Reached XP level 5. HP: 33/34 MP: 9/9
  2422 | D:3      | Reached skill level 1 in Stealth
  3011 | D:4      | Found a staircase to the Ecumenical Temple.
  3026 | Temple   | Entered the Ecumenical Temple
  3183 | D:4      | Reached XP level 6. HP: 39/39 MP: 10/10
  3275 | D:4      | Found a stormy altar of Qazlal.
  3276 | D:4      | Found a glowing golden altar of the Shining One.
  3295 | D:4      | Reached skill level 1 in Summonings
  3295 | D:4      | Reached skill level 1 in Translocations
  3455 | D:4      | Found a burning altar of Makhleb.
  3845 | D:4      | Reached XP level 7. HP: 45/45 MP: 11/11
  4146 | D:4      | Found a hazy altar of Hepliaklqana.
  4227 | D:4      | Learned a level 3 spell: Conjure Flame
  4239 | D:5      | Entered Level 5 of the Dungeon
  4984 | D:5      | Reached XP level 8. HP: 46/51 MP: 9/12
  5346 | D:5      | Reached skill level 3 in Fighting
  6166 | D:6      | Reached skill level 5 in Stealth
  6344 | D:6      | Reached skill level 5 in Short Blades
  6524 | D:7      | Found a sand-covered staircase.
  6533 | Ossuary  | Entered an ossuary
  6538 | Ossuary  | Reached skill level 1 in Conjurations
  6538 | Ossuary  | Reached skill level 1 in Air Magic
  6540 | Ossuary  | Reached XP level 9. HP: 58/58 MP: 13/13
  6670 | Ossuary  | Reached skill level 4 in Fighting
  6750 | D:7      | Noticed Harold
  6912 | D:7      | Reached skill level 5 in Dodging
  6919 | D:7      | Noticed Duvessa
  6920 | D:7      | Noticed Dowan
  6924 | D:7      | Killed Duvessa
  6927 | D:7      | Killed Dowan
  7684 | D:7      | Learned a level 2 spell: Shroud of Golubria
  7694 | D:8      | Noticed Grum
  7703 | D:8      | Reached skill level 1 in Charms
  7719 | D:8      | Killed Grum
  7835 | D:8      | Found a shattered altar of Ashenzari.
  8048 | D:8      | Reached skill level 5 in Fighting
  8161 | D:8      | Reached XP level 10. HP: 66/66 MP: 14/14
  8887 | D:8      | Found a hide-covered altar of Uskayaw.
  8911 | D:8      | Became a worshipper of Uskayaw the Reveler
  8923 | D:8      | Noticed Psyche
  8930 | D:8      | Reached * piety under Uskayaw
  8932 | D:8      | Reached ** piety under Uskayaw
  8934 | D:8      | Killed Psyche
  9121 | D:8      | Reached *** piety under Uskayaw
  9463 | D:9      | Reached skill level 1 in Invocations
  9567 | D:9      | Found a staircase to the Orcish Mines.
  9882 | D:9      | Reached **** piety under Uskayaw
 10047 | D:9      | Noticed Erolcha
 10049 | D:9      | Killed Erolcha
 10637 | D:9      | Reached skill level 6 in Fighting
 10689 | D:9      | Reached XP level 11. HP: 41/72 MP: 17/17
 10966 | D:9      | Learned a level 4 spell: Passage of Golubria
 10967 | D:10     | Entered Level 10 of the Dungeon
 11011 | D:10     | Found a runed gate.
 11013 | D:10     | Found a runed gate.
 11014 | D:10     | Found a runed gate.
 11038 | D:10     | Reached skill level 1 in Evocations
 11077 | D:10     | Noticed temitten's ghost (novice NaFi)
 11277 | D:10     | Reached ***** piety under Uskayaw
 11286 | D:10     | Noticed a deep elf mage
 11672 | D:10     | Killed a deep elf mage
 13050 | D:11     | Noticed a two-headed ogre
 13063 | D:11     | Killed a two-headed ogre
 13064 | D:11     | Reached skill level 5 in Invocations
 13346 | D:11     | Noticed a cyclops
 13878 | D:11     | Killed a cyclops
 14133 | D:11     | Noticed a two-headed ogre
 14141 | D:11     | Killed a two-headed ogre
 14490 | D:11     | Found a staircase to the Lair.
 14493 | D:11     | Identified a scroll of acquirement
 14877 | D:7      | Killed Harold
 14877 | D:7      | Reached skill level 5 in Spellcasting
 14877 | D:7      | Reached XP level 12. HP: 80/80 MP: 15/19
 15129 | D:12     | Reached skill level 7 in Fighting
 15304 | D:12     | Noticed a catoblepas
 15352 | D:12     | Found a transporter.
 15538 | D:12     | Identified the Tome of Fiery Dislocation
 15562 | D:12     | Found a transporter.
 15565 | D:12     | Noticed Zigma's ghost (journeyman DrMo)
 15787 | D:12     | Noticed a death knight
 15960 | Lair:1   | Entered Level 1 of the Lair of Beasts
 16000 | D:11     | Reached skill level 10 in Stealth
 18437 | Lair:2   | Reached skill level 10 in Dodging
 18545 | Lair:2   | Reached skill level 5 in Evocations
 19058 | Lair:3   | Noticed a death yak
 19058 | Lair:3   | Noticed a death yak
 19058 | Lair:3   | Noticed a death yak
 19059 | Lair:3   | Noticed a death yak
 19060 | Lair:3   | Noticed a death yak
 19131 | Lair:3   | Found a staircase to the Shoals.
 19164 | Lair:2   | Reached XP level 13. HP: 68/88 MP: 19/21
 19419 | Lair:3   | Found a hole to the Spider Nest.
 19463 | Lair:3   | Got a brightly glowing marble ring
 20197 | Lair:3   | Noticed Gastronok
 20343 | Lair:3   | Reached skill level 8 in Fighting
 21453 | Lair:3   | Killed Gastronok
 21628 | Lair:3   | Noticed Snorg
 21944 | Lair:3   | Killed Snorg
 21945 | Lair:3   | Reached skill level 10 in Short Blades
 22082 | Lair:3   | Identified the ring "Udohooss" {+Fly rC- rN+ Str+4 Dex+4}
                  | (You found it on level 3 of the Lair of Beasts)
 22534 | Lair:4   | Reached ****** piety under Uskayaw
 22550 | Lair:4   | Reached skill level 5 in Shields
 23078 | Lair:5   | Reached XP level 14. HP: 95/95 MP: 23/23
 23193 | Lair:5   | Reached skill level 9 in Fighting
 23560 | Lair:5   | Got a glittering lead amulet
 23566 | Lair:5   | Identified the amulet "Ihounwiyph" {Inacc rN+ Int+2 Dex+2}
                  | (You found it on level 5 of the Lair of Beasts)
 23730 | Lair:5   | Found a staircase to the Slime Pits.
 23797 | Lair:5   | Found a viscous altar of Jiyva.
 23982 | Lair:6   | Entered Level 6 of the Lair of Beasts
 25720 | Lair:6   | Identified Ipukh's Collected Works on Confrontation
 26301 | D:10     | Killed temitten's ghost
 26301 | D:10     | Reached XP level 15. HP: 103/103 MP: 24/24
 26592 | D:12     | Reached skill level 10 in Fighting
 26890 | D:12     | Learned a level 1 spell: Summon Butterflies
 26896 | D:12     | Learned a level 5 spell: Summon Mana Viper
 26897 | D:13     | Found a gate to the Vaults.
 26897 | D:13     | Noticed Nessos
 27150 | D:13     | Noticed Azrael
 27175 | D:13     | Killed Azrael
 27276 | D:13     | Noticed a fire giant
 27509 | D:13     | Noticed Nessos
 27509 | D:13     | Nessos changed into Nessos the death drake
 27515 | D:13     | Killed Nessos the death drake
 28404 | D:14     | Noticed Agnes
 29404 | D:15     | Entered Level 15 of the Dungeon
 29406 | D:15     | Reached skill level 10 in Shields
 29743 | D:15     | Found an opulent altar of Gozag.
 31040 | D:15     | Reached XP level 16. HP: 105/110 MP: 25/25
 31347 | D:15     | Found a staircase to the Depths.
 31601 | D:15     | Learned a level 3 spell: Regeneration
 31604 | D:15     | Learned a level 2 spell: Song of Slaying
 32055 | D:12     | Killed Zigma's ghost
 32168 | D:12     | Got a transparent granite ring
 32247 | D:12     | Identified the ring of the Bruised Dreams {rPois MR++ MP+9}
                  | (You found it on level 12 of the Dungeon)
 32369 | Orc:1    | Entered Level 1 of the Orcish Mines
 32474 | Orc:1    | Noticed Maurice
 32489 | Orc:1    | Killed Maurice
 32607 | Orc:2    | Entered Level 2 of the Orcish Mines
 32751 | Orc:2    | Found a staircase to the Elven Halls.
 32770 | Orc:2    | Found Serexeu's Weapon Shop.
 32773 | Orc:2    | Found Nenirch's Magic Scroll Emporium.
 32788 | Orc:2    | Found Junlobul's Gadget Shoppe.
 32859 | Orc:2    | Found Myroad Hoist's Assorted Antiques.
 33320 | Orc:2    | Bought a scroll of silence for 112 gold pieces
 33320 | Orc:2    | Bought a scroll of identify for 30 gold pieces
 33320 | Orc:2    | Bought a scroll of identify for 30 gold pieces
 33540 | Orc:2    | Bought 2 scrolls of teleportation for 168 gold pieces
 33540 | Orc:2    | Bought a scroll of identify for 56 gold pieces
 34047 | Orc:2    | Bought the +8 falchion of Spores {elec, rElec MR+ Int+3
                  | Dex-2} for 830 gold pieces
 34266 | D:14     | Killed Agnes
 34269 | D:14     | Reached skill level 1 in Long Blades
 34482 | Orc:2    | Bought a wand of enslavement (9) for 176 gold pieces
 34482 | Orc:2    | Bought a sack of spiders for 320 gold pieces
 34482 | Orc:2    | Bought a wand of digging (5) for 288 gold pieces
 34505 | Elf:1    | Entered Level 1 of the Elven Halls
 34868 | Elf:1    | Found Pyxuch's Mayhem Merchandise.
 35695 | Elf:1    | Reached XP level 17. HP: 116/116 MP: 26/26
 35765 | Elf:1    | Found Assoesow's Jewellery Shop.
 35776 | Elf:1    | Bought an uncursed ring of protection from fire for 350
                  | gold pieces
 35776 | Elf:1    | Bought a +4 ring of evasion for 504 gold pieces
 35801 | Elf:1    | Reached skill level 15 in Shields
 35905 | Elf:1    | Reached skill level 11 in Fighting
 36839 | Elf:2    | Found a runed gate.
 36839 | Elf:2    | Found a runed gate.
 36839 | Elf:2    | Found a runed gate.
 37181 | Elf:3    | Entered Level 3 of the Elven Halls
 37181 | Elf:3    | Found a huge runed gate.
 37181 | Elf:3    | Found a huge runed gate.
 37181 | Elf:3    | Found a huge runed gate.
 37182 | Elf:3    | Found a huge runed gate.
 37216 | Elf:3    | Found a huge runed gate.
 37265 | Elf:3    | Reached skill level 12 in Fighting
 37284 | Elf:3    | Found a huge runed gate.
 37284 | Elf:3    | Found a huge runed gate.
 37284 | Elf:3    | Found a huge runed gate.
 37284 | Elf:3    | Found a huge runed gate.
 37305 | Elf:3    | Found a huge runed gate.
 37307 | Elf:3    | Found a huge runed gate.
 37307 | Elf:3    | Found a huge runed gate.
 37312 | Elf:3    | Found a huge runed gate.
 37312 | Elf:3    | Found a huge runed gate.
 37312 | Elf:3    | Found a huge runed gate.
 37312 | Elf:3    | Found a huge runed gate.
 37312 | Elf:3    | Found a huge runed gate.
 37628 | Elf:3    | Identified the +5 lajatang "Goblinbane" {flame, +Fly rC+
                  | SInv Stlth+}
 37628 | Elf:3    | Identified the amulet "Gingi" {Gourm rN+ Str+4}
 37633 | Elf:3    | Noticed a Hell Sentinel
 37653 | Elf:3    | Noticed an Executioner
 37830 | Elf:3    | Found a huge runed gate.
 37831 | Elf:3    | Found a huge runed gate.
 37834 | Elf:3    | Found a huge runed gate.
 37873 | Elf:3    | Found a huge runed gate.
 37873 | Elf:3    | Found a huge runed gate.
 37874 | Elf:3    | Found a huge runed gate.
 37874 | Elf:3    | Found a huge runed gate.
 37875 | Elf:3    | Found a huge runed gate.
 38587 | Elf:3    | Reached skill level 5 in Summonings
 38599 | Elf:3    | Noticed a deep elf master archer
 38600 | Elf:3    | Noticed a Tzitzimitl
 38602 | Elf:3    | Noticed an Ice Fiend
 38989 | Elf:2    | Reached skill level 10 in Invocations
 39118 | Elf:3    | Killed a deep elf master archer
 39127 | Elf:3    | Noticed a deep elf blademaster
 39137 | Elf:3    | Killed a deep elf blademaster
 39445 | Elf:3    | Noticed a deep elf master archer
 39453 | Elf:3    | Killed a deep elf master archer
 39461 | Elf:3    | Identified the +11 hand axe of Ezelif {chop, +Blink rC+}
 39461 | Elf:3    | Identified the ring of Upopsuzo {Ice *Drain +Fly rN++
                  | Int+2}
 39463 | Elf:3    | Noticed a Hell Sentinel
 39637 | Elf:3    | Reached XP level 18. HP: 127/127 MP: 27/27
 39856 | Elf:3    | Identified the cursed +1 short sword "Yhuusod" {freeze,
                  | +Blink}
 40315 | Elf:3    | Identified the +7 war axe "Impbane" {chop, *Rage +Fly rF++
                  | Int+3}
 40342 | Elf:3    | Identified the Incunabulum of Malediction and Changing
 40779 | Elf:3    | Reached skill level 13 in Fighting
 41242 | Elf:3    | Noticed a deep elf master archer
 41732 | Elf:3    | Reached skill level 15 in Stealth
 42113 | Elf:3    | Killed a deep elf master archer
 42304 | Elf:3    | Noticed a Hell Sentinel
 42651 | Elf:1    | Bought the ring "Umoyrcho" {rCorr Str+6} for 554 gold
                  | pieces
 42655 | Elf:1    | Learned a level 2 spell: Passwall
 42658 | Elf:1    | Learned a level 2 spell: Swiftness
 42746 | Elf:2    | Reached skill level 1 in Hexes
 43960 | Shoals:1 | Entered Level 1 of the Shoals
 44294 | Shoals:1 | Found Qotysch's Magic Scroll Shop.
 44351 | Shoals:1 | Bought a scroll of identify for 20 gold pieces
 44953 | Shoals:2 | Reached XP level 19. HP: 135/135 MP: 29/29
 46370 | Shoals:3 | Learned a level 6 spell: Invisibility
 46371 | Shoals:4 | Entered Level 4 of the Shoals
 46411 | Shoals:4 | Reached skill level 5 in Hexes
 46631 | Shoals:4 | Reached skill level 14 in Fighting
 48615 | Shoals:4 | Got a barnacled rune of Zot
 49635 | Shoals:1 | Bought a scroll of summoning for 95 gold pieces
 50131 | Spider:1 | Entered Level 1 of the Spider Nest
 50879 | Spider:2 | Found a frozen archway.
 50888 | IceCv    | Entered an ice cave
 52097 | IceCv    | Noticed an Ice Fiend
 52504 | IceCv    | Killed an Ice Fiend
 54189 | Elf:1    | Bought an uncursed ring of see invisible for 210 gold
                  | pieces
 54475 | Spider:3 | Reached XP level 20. HP: 144/144 MP: 32/32
 54946 | Spider:3 | Reached skill level 10 in Hexes
 55247 | Spider:4 | Entered Level 4 of the Spider Nest
 55727 | Spider:4 | Noticed Arachne
 55738 | Spider:4 | Killed Arachne
 55885 | Spider:4 | Got a gossamer rune of Zot
 56774 | Slime:1  | Entered Level 1 of the Pits of Slime
 57036 | Orc:2    | Bought a scroll of brand weapon for 300 gold pieces
 57552 | Slime:3  | Reached skill level 15 in Fighting
 57846 | Slime:4  | HP: 2/145 [titanic slime creature (107)]
 58456 | Slime:5  | Entered Level 5 of the Pits of Slime
 58483 | Slime:5  | Reached skill level 1 in Necromancy
 58686 | Slime:5  | Reached XP level 21. HP: 145/151 MP: 31/33
 58758 | Slime:5  | Reached skill level 15 in Dodging
 59168 | Slime:5  | Noticed the Royal Jelly
 59173 | Slime:5  | Found a viscous altar of Jiyva.
 59238 | Slime:5  | Killed the Royal Jelly
 59272 | Slime:5  | Got a slimy rune of Zot
 59345 | Slime:5  | Identified the Tome of Lethal Toxins
 59397 | Slime:5  | Got a transparent marble ring
 59399 | Slime:5  | Identified the ring "Udihafuos" {rCorr rPois rF+ Int+4}
                  | (You acquired it on level 5 of the Pits of Slime)
 59427 | Slime:5  | Learned a level 4 spell: Animate Dead
 59433 | Slime:5  | Learned a level 5 spell: Silence
 59605 | Shoals:1 | Bought a scroll of magic mapping for 35 gold pieces
 59605 | Shoals:1 | Bought a scroll of holy word for 75 gold pieces
 59901 | Depths:1 | Entered Level 1 of the Depths
 59974 | Depths:1 | Found a shadowy altar of Dithmenos.
 60024 | Depths:1 | Found a runed door.
 60067 | Depths:1 | Found Jeilemi's Book Shop.
 60069 | Depths:1 | Found Moamuw's Food Boutique.
 60071 | Depths:1 | Found Boreres's Magic Scroll Shop.
 60080 | Depths:1 | Bought a scroll of holy word for 97 gold pieces
 60080 | Depths:1 | Bought 3 scrolls of identify for 78 gold pieces
 60080 | Depths:1 | Bought a scroll of identify for 26 gold pieces
 60080 | Depths:1 | Bought a scroll of identify for 26 gold pieces
 60101 | Depths:1 | Reached skill level 5 in Necromancy
 60202 | Depths:1 | Reached skill level 16 in Fighting
 60225 | Depths:1 | Identified the ring of Hanoulucla {Wiz rN+++ Str+2 Slay-3
                  | SInv} (You found it on level 1 of the Depths)
 60671 | Depths:1 | Found a one-way gate to the infinite horrors of the Abyss.
 60783 | Depths:1 | Found a gateway to Hell.
 61228 | Depths:2 | Reached XP level 22. HP: 161/161 MP: 34/34
 61338 | Depths:2 | Reached skill level 10 in Summonings
 61640 | Depths:2 | Reached skill level 17 in Fighting
 63449 | Depths:2 | Reached skill level 15 in Invocations
 63510 | Depths:2 | Reached skill level 18 in Fighting
 64093 | Depths:3 | Noticed Boris
 64246 | Depths:3 | Killed Boris
 64638 | Depths:3 | Noticed Asterion
 64865 | Depths:3 | Killed Asterion
 64865 | Depths:3 | Reached XP level 23. HP: 101/172 MP: 33/35
 65211 | Depths:3 | Found a corrupted altar of Lugonu.
 65399 | Depths:3 | Found a one-way gate leading to the halls of Pandemonium.
 66568 | Depths:4 | Noticed a golden dragon
 66569 | Depths:4 | Noticed a golden dragon
 66617 | Depths:4 | Killed a golden dragon
 66630 | Depths:4 | Killed a golden dragon
 67199 | Depths:4 | Reached skill level 19 in Fighting
 67397 | Depths:4 | Reached skill level 10 in Evocations
 68009 | Depths:5 | Entered Level 5 of the Depths
 68009 | Depths:5 | Noticed a golden dragon
 68237 | Depths:5 | Killed a golden dragon
 69016 | Depths:5 | Reached XP level 24. HP: 179/180 MP: 35/35
 70362 | Depths:5 | Found a gate to the Realm of Zot.
 70663 | Depths:5 | Noticed a caustic shrike
 70668 | Depths:5 | Noticed a caustic shrike
 70673 | Depths:5 | Noticed a caustic shrike
 70678 | Depths:5 | Killed a caustic shrike
 70680 | Depths:5 | Killed a caustic shrike
 70682 | Depths:5 | Killed a caustic shrike
 71574 | Depths:5 | Identified Xiam's Papyrus of Virous Ice
 71874 | Depths:5 | Found a gateway to a ziggurat.
 72558 | Vaults:1 | Entered Level 1 of the Vaults
 73499 | Vaults:1 | Reached skill level 20 in Fighting
 74022 | Vaults:2 | Reached XP level 25. HP: 132/189 MP: 35/35
 74099 | Vaults:2 | Found Nepis's Food Emporium.
 74929 | Vaults:2 | Found a staircase to the Crypt.
 75413 | Vaults:3 | Found a runed gate.
 75413 | Vaults:3 | Found a runed gate.
 75413 | Vaults:3 | Found a runed gate.
 75540 | Vaults:3 | Found Westryfad's General Store.
 75581 | Vaults:3 | Bought a potion of might for 56 gold pieces
 75586 | Vaults:3 | Gained mutation: You are frail. (-10% HP) [mutagenic glow]
 76009 | Vaults:3 | Noticed SnubMonkey's ghost (adept GnBe)
 76009 | Vaults:3 | Noticed Vigato's ghost (adept MiFi)
 77164 | Vaults:4 | Reached skill level 15 in Evocations
 77214 | Vaults:4 | Found a magical portal.
 77219 | WizLab   | Entered The Chambers of the Cloud Mage
 78248 | WizLab   | Identified the +7 hand crossbow "Syorr" {penet, *Drain
                  | +Blink rC+ MR++}
 78274 | WizLab   | Reached XP level 26. HP: 107/176 MP: 35/35
 78455 | WizLab   | Identified the Papyrus of Supportive Augmentations
 78471 | WizLab   | Identified Sif Muna's Disquisition on Weightlessness
 78481 | WizLab   | Identified the ring of Xom's Amusement {+Blink +Fly MR-
                  | Int+4 Dex+2} (You found it in a wizard's laboratory)
 78484 | WizLab   | Identified the +2 quick blade of Strategic Superiority
                  | {holy, rC+ Str+5} (You found it in a wizard's laboratory)
 78486 | WizLab   | Identified the +6 rapier "Trog's Righteous Anger" {drain,
                  | rF+ MR+ Int+4 Dex-4} (You found it in a wizard's
                  | laboratory)
 78569 | Vaults:4 | Noticed Xtahua
 78591 | Vaults:4 | Killed Xtahua
 79041 | Vaults:4 | Found the ring of Shadows {Umbra +Inv Stlth+}
 79535 | Vaults:4 | Reached skill level 15 in Short Blades
 79799 | Vaults:5 | Entered Level 5 of the Vaults
 80705 | Vaults:4 | Lost mutation: You are frail. (-10% HP) [potion of
                  | mutation]
 80705 | Vaults:4 | Gained mutation: Your spells are a little easier to cast,
                  | but a little less powerful. [potion of mutation]
 80705 | Vaults:4 | Gained mutation: You evolve. [potion of mutation]
 80705 | Vaults:4 | Gained mutation: You are partially covered in molten
                  | scales. (AC +2) [potion of mutation]
 81022 | Vaults:4 | Gained mutation: Your system is resistant to poisons.
                  | (rPois) [evolution]
 81025 | Vaults:5 | Noticed an ancient lich
 81832 | Vaults:5 | Killed an ancient lich
 82227 | Vaults:5 | Reached XP level 27. HP: 164/204 MP: 36/36
 82410 | Vaults:4 | Gained mutation: You occasionally shout uncontrollably at
                  | your foes. [mutagenic glow]
 82652 | Vaults:5 | Reached skill level 21 in Fighting
 83009 | Vaults:5 | Found Kubemiz's Distillery.
 83015 | Vaults:5 | Bought a potion of curing for 51 gold pieces
 83015 | Vaults:5 | Bought a potion of ambrosia for 136 gold pieces
 83015 | Vaults:5 | Bought a potion of agility for 68 gold pieces
 83015 | Vaults:5 | Bought a potion of invisibility for 136 gold pieces
 83015 | Vaults:5 | Bought a potion of ambrosia for 136 gold pieces
 83015 | Vaults:5 | Bought a potion of might for 68 gold pieces
 83015 | Vaults:5 | Bought a potion of invisibility for 136 gold pieces
 83015 | Vaults:5 | Bought a potion of resistance for 170 gold pieces
 83015 | Vaults:5 | Bought a potion of agility for 68 gold pieces
 83018 | Vaults:5 | Got a silver rune of Zot
 83067 | Vaults:5 | Found Fyufecye's Food Shoppe.
 83407 | Vaults:5 | Identified the +9 scythe "Xufinam" {slice, rPois rF+ Str-2}
 84135 | Vaults:3 | Killed SnubMonkey's ghost
 84518 | Elf:1    | Bought a wand of iceblast (11) for 210 gold pieces
 84525 | Elf:1    | Learned a level 6 spell: Darkness
 84993 | Zot:1    | Entered Level 1 of the Realm of Zot
 85217 | Zot:1    | Noticed an orb of fire
 85228 | Zot:1    | Killed an orb of fire
 85720 | Zot:1    | Reached skill level 1 in Earth Magic
 86399 | Orc:2    | Bought a potion of mutation for 224 gold pieces
 86889 | Zot:2    | Reached skill level 1 in Transmutations
 87260 | Zot:2    | Reached skill level 22 in Fighting
 87918 | Zot:2    | Identified the ring "Jofrol" {rC+ MP+9} (You acquired it on
                  | level 2 of the Realm of Zot)
 89143 | Zot:3    | Gained mutation: One of your tentacles bears a spike.
                  | [evolution]
 91202 | Zot:5    | Entered Level 5 of the Realm of Zot
 92571 | Zot:5    | Noticed an orb of fire
 92721 | Zot:5    | Noticed an orb of fire
 92764 | Zot:5    | Noticed an orb of fire
 92783 | Zot:5    | Killed an orb of fire
 92997 | Zot:5    | Noticed an orb of fire
 93008 | Zot:5    | Gained mutation: You tend to lose your temper in combat.
                  | [an orb of fire]
 93011 | Zot:5    | Gained mutation: You are surrounded by a mild repulsion
                  | field. (EV +2) [an orb of fire]
 93012 | Zot:5    | Killed an orb of fire
 93013 | Zot:5    | Killed an orb of fire
 93014 | Zot:5    | Lost mutation: You tend to lose your temper in combat.
                  | [potion of mutation]
 93014 | Zot:5    | Lost mutation: You occasionally shout uncontrollably at
                  | your foes. [potion of mutation]
 93014 | Zot:5    | Gained mutation: You are dopey. (Int -2) [potion of
                  | mutation]
 93014 | Zot:5    | Gained mutation: Your flesh is cold resistant. (rC+)
                  | [potion of mutation]
 93014 | Zot:5    | Gained mutation: You are robust. (+10% HP) [potion of
                  | mutation]
 93019 | Zot:5    | Noticed an orb of fire
 93026 | Zot:5    | Gained mutation: Potions are less effective at restoring
                  | your health. [an orb of fire]
 93027 | Zot:5    | Killed an orb of fire
 93030 | Zot:5    | Noticed an orb of fire
 93031 | Zot:5    | Killed an orb of fire
 93080 | Zot:5    | Noticed an orb of fire
 93083 | Zot:5    | Killed an orb of fire
 93216 | Zot:5    | Noticed an ancient lich
 93227 | Zot:5    | Killed an ancient lich
 93230 | Zot:5    | Killed an orb of fire
 93577 | Zot:5    | Noticed an orb of fire
 93594 | Zot:5    | Killed an orb of fire
 94062 | Zot:5    | Got the Orb of Zot
 94180 | Depths:5 | Noticed Wumaeg the pandemonium lord
 94245 | Depths:4 | Noticed a seraph
 94556 | D:12     | Noticed a seraph
 94591 | D:10     | Noticed Itisykon the pandemonium lord
 94601 | D:10     | Killed Itisykon the pandemonium lord
 94869 | D:1      | Noticed Ryocen the pandemonium lord
 94877 | D:$      | Escaped with the Orb!

Vault maps used:
D:1:      minmay_arrival_pointy, minmay_unequal
D:2:      serial_curves, eino_curves_03, eino_curves_02, serial_bayou_pond_e,
          minmay_rat_gold_closets
D:3:      lemuel_coloured_pillars_altar, led_sif_pool, first_ration
D:4:      demons_altar, nicolae_overflow_hidden_temple,
          minmay_temple_entry_mini_moons
D:5:      chequers_serial_rivers_small_3, kennysheep_generic_room_14
D:7:      nicolae_ossuary_entry_ruins, uniq_harold, uniq_duvessa
D:8:      eat_drink_and_be_merry_uskayaw, basic_altar, uniq_grum, uniq_psyche
D:9:      erik_orc_1, uniq_erolcha
D:10:     gammafunk_ghost_necromancy, hangedman_stone_soup, minmay_diced_spiral
D:11:     david_lair_shrubbed, chequers_garden
D:12:     gammafunk_ghost_berserking_beasts
D:13:     david_vaults_3, st_stairs_6, uniq_azrael
D:14:     serial_park_square1, uniq_agnes
D:15:     hangedman_depths_entry_try_elsewhere_first, nicolae_gozag_seed_capital
Temple:   regret_index_temple_waves
Lair:1:   kennysheep_abandoned_house
Lair:2:   minivault_23, columned_hall_lemuel, gammafunk_lair_bear_cave
Lair:3:   minmay_shoals_entry_beasts, spider_nest_entry_rubble,
          lemuel_fruit_tree, uniq_gastronok, uniq_snorg
Lair:4:   grunt_megastairs_3, serial_bayou_shore_a
Lair:5:   slime_altar_1, kennysheep_rathole
Lair:6:   grunt_lair_end_beastmaster, chequers_serial_rivers_micro_c,
          serial_bayou_pond_e, st_stairs_5
Shoals:1: serial_shops, nicolae_shop_waterfront
Shoals:4: shoals_end_grunt_ice
Spider:1: spider_trap
Spider:2: portal_ice_cave_entry_pillars_2, spider_trap
Spider:3: spider_trap
Spider:4: johnstein_spider_rune_arachne_lair
Slime:2:  uniq_dissolution
Orc:1:    uniq_maurice
Orc:2:    st_orc_open
Elf:1:    minmay_elf_arrival_plus, serial_shops, nicolae_shop_window_shopping,
          evilmike_minifort, minmay_shop_mayhem
Elf:2:    nicolae_elf_big_sculpture_2
Elf:3:    minmay_elf_hall_curves, dk_noncrumbling_2, door_vault
Vaults:1: vaults_room_door_hall, ontoclasm_vaults_ring_large, vaults_room_grid,
          vaults_room_door_hall, ontoclasm_vaults_loading_screen,
          hangedman_vaults_variations, ontoclasm_vaults_chip,
          hangedman_vaults_river_flow, ontoclasm_vaults_spin,
          ontoclasm_vaults_gateway, vaults_room_grid,
          ontoclasm_vaults_ring_small
Vaults:2: nicolae_vaults_rhombus_7, v_misc_8, ontoclasm_vaults_ring_large,
          v_pattern_2, v_misc_5, hangedman_vaults_corner_blocks,
          v_alt_pattern_2, minmay_crypt_entry_simple_statues,
          ontoclasm_vaults_claustrophobia, serial_shops, nicolae_shop_waterfront
Vaults:3: gammafunk_vaults_ghost_cemetery, v_misc_33,
          nicolae_vaults_network_star, hangedman_vaults_stream,
          nicolae_vaults_meeting, nicolae_vaults_little_squares_3,
          vaults_room_grid, v_misc_13, nicolae_vaults_ring_of_whatevers,
          v_misc_2, v_misc_27, hangedman_vaults_cutoff,
          nicolae_vaults_shelves_hall, serial_shops, shop
Vaults:4: nicolae_vaults_puzzle_piece, v_misc_33, v_misc_11,
          hangedman_vaults_stagger, st_cross, ontoclasm_vaults_shuriken,
          nicolae_vaults_asterisk, nicolae_vaults_windows_and_doors_thing,
          nicolae_vaults_specimen_jars, hangedman_vaults_nails,
          vaults_dpeg_diagonal, infiniplex_enter_wizlab_spiral, uniq_xtahua
Vaults:5: serial_shops
Depths:1: old_standard_altar, grunt_hell_horde, abyss_entry, roderic_lattice_a,
          fountainhead, solitary_fountain, minmay_acid_items, minmay_shop_star,
          firewood_loft
Depths:2: evilmike_diamond_2, hellmouth_3
Depths:3: nicolae_whirlpool, minmay_misc_feat_enclosed, grunt_pan_entry_sceptre,
          hell_entry, abyss_entry_flame_altar, kilobyte_mutagenic_chamber,
          infiniplex_staircase_pool_2, kennysheep_random_hallway, uniq_boris,
          uniq_asterion
Depths:4: minmay_crescents, minmay_room_of_horrors,
          pf_vacation_house_of_asmodeus
Depths:5: evilmike_zot_entry_gauntlet, enter_ziggurat_c, serial_bayou_lagoon_a,
          hangedman_coc_ice_floe, minmay_fire_ice_demons
Zot:2:    st_stairs_5, grunt_ministairs_12
Zot:3:    grunt_ministairs_13
Zot:5:    lemuel_baited_zot_trap, basic_stair_grate_trap
Ossuary:  ossuary_minmay_tomb_2a
IceCv:    ice_cave_caverns_03
WizLab:   wizlab_cloud

Skill      XL: |  1  2  3  4  5  6  7  8  9 10 11 12 13 14 15 16 17 18 19 20 21 22 23 24 25 26 27 |
---------------+----------------------------------------------------------------------------------+-----
Shields        | 2 3 4 5 8 11 14 15 | 15.0
Dodging        | 1 2 4 6 7 9 10 11 12 13 14 15 16 17 18 | 18.0
Fighting       | 2 3 5 6 7 8 9 10 12 13 14 15 16 18 19 20 22 | 22.0
Short Blades   | 1 2 3 5 6 8 9 10 11 12 13 14 15 17 | 17.2
Stealth        | 1 2 3 5 6 8 9 10 11 13 14 15 16 19 | 19.7
Summonings     | 2 3 6 8 9 10 12 | 12.0
Translocations | 2 3 |  3.0
Conjurations   | 1 |  1.0
Air Magic      | 1 3 |  3.0
Charms         | 2 3 |  3.0
Invocations    | 3 6 8 9 10 11 12 13 15 16 17 18 20 | 20.2
Spellcasting   | 4 5 6 7 8 9 |  9.0
Evocations     | 3 5 6 7 10 12 15 16 21 | 21.5
Long Blades    | 1 |  1.7
Hexes          | 3 9 12 | 12.4
Necromancy     | 1 6 |  6.0
Earth Magic    | 4 |  4.1
Transmutations | 4 |  4.0
Crossbows      | |  2.0
Throwing       | |  1.0
Poison Magic   | |  2.4

Action                   |  1- 3 |  4- 6 |  7- 9 | 10-12 | 13-15 | 16-18 | 19-21 | 22-24 | 25-27 || total
-------------------------+-------+-------+-------+-------+-------+-------+-------+-------+-------++-------
Melee: Short sword       |       |    63 |    39 |   260 |   943 |  1013 |       |       |       ||  2318
       Constrict         |       |    19 |    54 |    89 |    71 |   150 |   189 |    97 |   204 ||   873
       Tentacles         |       |    15 |    56 |   176 |   402 |   416 |   689 |   599 |   911 ||  3264
       Dagger            |       |       |   204 |   375 |    18 |       |       |       |       ||   597
       Rapier            |       |       |       |    96 |    70 |    73 |   266 |       |       ||   505
       Quick blade       |       |       |       |       |       |       |  1369 |  1506 |  2342 ||  5217
       Kick              |       |       |       |       |       |       |       |       |   294 ||   294
 Fire: Hand crossbow     |    72 |    46 |       |       |       |       |       |       |       ||   118
Throw: Stone             |       |       |     3 |       |       |       |       |       |       ||     3
       Tomahawk          |       |       |     1 |     9 |     9 |       |       |       |       ||    19
       Throwing net      |       |       |       |       |       |       |       |       |     3 ||     3
 Cast: Mephitic Cloud    |       |       |     5 |     5 |    35 |     3 |       |       |       ||    48
       Call Imp          |       |       |     5 |       |       |       |       |       |       ||     5
       Shroud of Golubri |       |       |       |     8 |     7 |     2 |       |       |       ||    17
       Blink             |       |       |       |     2 |     7 |     1 |       |       |     2 ||    12
       Passage of Golubr |       |       |       |       |     1 |       |       |     1 |       ||     2
       Summon Mana Viper |       |       |       |       |       |       |    18 |    33 |    41 ||    92
       Invisibility      |       |       |       |       |       |       |     4 |    14 |    31 ||    49
       Summon Butterflie |       |       |       |       |       |       |     1 |       |     1 ||     2
       Regeneration      |       |       |       |       |       |       |     3 |    13 |    30 ||    46
       Animate Dead      |       |       |       |       |       |       |     2 |    18 |    34 ||    54
       Passwall          |       |       |       |       |       |       |       |       |     7 ||     7
Invok: Stomp             |       |       |       |     5 |       |     3 |       |       |     1 ||     9
       Grand Finale      |       |       |       |       |     2 |     4 |     5 |     4 |     6 ||    21
       Line Pass         |       |       |       |       |       |       |       |     1 |     2 ||     3
Evoke: Wand              |       |       |       |    11 |    23 |    18 |    38 |    14 |    14 ||   118
       Lamp of fire      |       |       |       |       |       |       |     1 |     1 |       ||     2
       Box of beasts     |       |       |       |       |       |       |       |       |     4 ||     4
       Phial of floods   |       |       |       |       |       |       |       |       |     1 ||     1
       Sack of spiders   |       |       |       |       |       |       |       |       |     1 ||     1
  Use: Scroll            |       |     7 |     5 |     9 |    10 |    23 |    24 |     6 |    27 ||   111
       Potion            |       |       |     2 |       |     2 |     2 |     7 |     4 |    14 ||    31
 Stab: Sleeping          |       |     5 |    18 |    33 |    38 |    51 |    56 |    37 |    86 ||   324
       Confused          |       |       |     2 |     4 |    16 |     1 |       |     2 |     1 ||    26
       Paralysed         |       |       |       |    32 |    78 |    97 |   138 |   131 |   214 ||   690
       Petrified         |       |       |       |       |     2 |       |       |       |       ||     2
       Distracted        |       |       |       |       |     5 |     4 |    11 |     6 |    20 ||    46
       Held in net/web   |       |       |       |       |       |       |     2 |       |       ||     2
       Invisible         |       |       |       |       |       |       |    20 |    33 |    68 ||   121
  Eat: Chunk             |       |     8 |    12 |    24 |    29 |    30 |    23 |    20 |    23 ||   169
       Ration            |       |       |     1 |     3 |     4 |     5 |    12 |    11 |    22 ||    58
Armor: Skin              |       |     1 |     6 |    11 |    15 |     6 |     3 |     5 |    14 ||    61
Dodge: Dodged            |     2 |    27 |    95 |   333 |   425 |   283 |   372 |   399 |   569 ||  2505
Block: Buckler           |     4 |    13 |    56 |   181 |   305 |    19 |       |       |       ||   578
       Reflection        |       |       |     4 |     8 |    10 |    51 |    51 |    61 |    49 ||   234
       Shield            |       |       |       |       |       |   560 |   848 |   683 |   832 ||  2923

Table legend:
 A = Non-vault XP
 B = Vault XP
 C = Vault XP percentage of total XP
 D = Non-vault monster count
 E = Vault monster count
 F = Vault count percentage of total count
                 A         B        C        D         E       F
            +---------+---------+-------+---------+---------+-------
      Total |  955800 |  797320 |  45.5 |    1795 |     881 |  32.9
            +---------+---------+-------+---------+---------+-------
        D:1 |      31 |       7 |  18.4 |      20 |       4 |  16.7
        D:2 |      96 |       8 |   7.7 |      23 |       8 |  25.8
        D:3 |     132 |       0 |   0.0 |      21 |       0 |   0.0
        D:4 |     269 |     122 |  31.2 |      11 |       3 |  21.4
        D:5 |     841 |       3 |   0.4 |      21 |       1 |   4.5
        D:6 |     805 |       0 |   0.0 |      22 |       0 |   0.0
        D:7 |     579 |    1215 |  67.7 |      14 |       3 |  17.6
        D:8 |    2473 |     969 |  28.2 |      52 |       5 |   8.8
        D:9 |     978 |    1616 |  62.3 |      21 |      18 |  46.2
       D:10 |    2049 |    2516 |  55.1 |      33 |      12 |  26.7
       D:11 |    6603 |     353 |   5.1 |      38 |       1 |   2.6
       D:12 |   10367 |    4642 |  30.9 |      36 |      10 |  21.7
       D:13 |    8522 |    7719 |  47.5 |      25 |      25 |  50.0
       D:14 |    4161 |    2021 |  32.7 |      15 |       1 |   6.2
       D:15 |   15271 |    3012 |  16.5 |      51 |       4 |   7.3
     Lair:1 |    2913 |     421 |  12.6 |      16 |      15 |  48.4
     Lair:2 |    8633 |     254 |   2.9 |      27 |       2 |   6.9
     Lair:3 |    5072 |    4081 |  44.6 |      17 |       5 |  22.7
     Lair:4 |    3195 |    4159 |  56.6 |      12 |      10 |  45.5
     Lair:5 |    9133 |     214 |   2.3 |      24 |      14 |  36.8
     Lair:6 |   11054 |   11481 |  50.9 |      32 |      22 |  40.7
   Shoals:1 |    9728 |       0 |   0.0 |      21 |       0 |   0.0
   Shoals:2 |   12757 |       0 |   0.0 |      26 |       0 |   0.0
   Shoals:3 |    5542 |       0 |   0.0 |      15 |       0 |   0.0
   Shoals:4 |   18319 |   19256 |  51.2 |      40 |      29 |  42.0
   Spider:1 |    3621 |       0 |   0.0 |      13 |       0 |   0.0
   Spider:2 |   17299 |       0 |   0.0 |      46 |       0 |   0.0
   Spider:3 |   20453 |       0 |   0.0 |      60 |       0 |   0.0
   Spider:4 |   17303 |   29202 |  62.8 |      43 |      44 |  50.6
    Slime:1 |    2682 |       0 |   0.0 |       9 |       0 |   0.0
    Slime:2 |    1537 |       0 |   0.0 |       3 |       0 |   0.0
    Slime:3 |    9341 |       0 |   0.0 |      26 |       0 |   0.0
    Slime:4 |    2609 |       0 |   0.0 |       8 |       0 |   0.0
    Slime:5 |   13369 |   28534 |  68.1 |      32 |      13 |  28.9
      Orc:1 |    2254 |     439 |  16.3 |      43 |       1 |   2.3
      Orc:2 |    7607 |   15760 |  67.4 |      50 |      37 |  42.5
      Elf:1 |   19871 |   10889 |  35.4 |      36 |      20 |  35.7
      Elf:2 |    8254 |   28076 |  77.3 |      19 |      33 |  63.5
      Elf:3 |   14649 |   55709 |  79.2 |      26 |      41 |  61.2
   Vaults:1 |   29570 |   11986 |  28.8 |      63 |      19 |  23.2
   Vaults:2 |   38966 |    8657 |  18.2 |      63 |      10 |  13.7
   Vaults:3 |   46377 |   36210 |  43.8 |      85 |      45 |  34.6
   Vaults:4 |   37425 |   52897 |  58.6 |      65 |      55 |  45.8
   Vaults:5 |   40894 |  105144 |  72.0 |      68 |      70 |  50.7
   Depths:1 |   45752 |   23179 |  33.6 |      67 |      22 |  24.7
   Depths:2 |   48634 |   34309 |  41.4 |      63 |      38 |  37.6
   Depths:3 |   39864 |   20695 |  34.2 |      53 |      27 |  33.8
   Depths:4 |   51341 |   32913 |  39.1 |      48 |      32 |  40.0
   Depths:5 |   46719 |   35337 |  43.1 |      39 |      41 |  51.2
      Zot:1 |   52246 |       0 |   0.0 |      30 |       0 |   0.0
      Zot:2 |   41981 |    6893 |  14.1 |      18 |       4 |  18.2
      Zot:3 |   58373 |    3185 |   5.2 |      27 |       2 |   6.9
      Zot:4 |   68843 |       0 |   0.0 |      42 |       0 |   0.0
      Zot:5 |   28443 |  155846 |  84.6 |      17 |      41 |  70.7
    Ossuary |       0 |     284 | 100.0 |       0 |      16 | 100.0
      IceCv |       0 |    9978 | 100.0 |       0 |      46 | 100.0
     WizLab |       0 |   27129 | 100.0 |       0 |      32 | 100.0
            +---------+---------+-------+---------+---------+-------
